[Event "Israeli Team-ch 2023"]
[Site "Petah Tikva"]
[Date "2023.02.03"]
[Round "5.11"]
[White "Gov, Guy"]
[Black "Steinberg, Nitzan"]
[Result "0-1"]
[ECO "B51"]
[WhiteElo "2103"]
[BlackElo "2537"]
[Annotator "TA"]
[PlyCount "56"]
[EventDate "2023.01.13"]
[EventCountry "ISR"]
[SourceTitle "playchess.com"]
[Source "ChessBase"]
[SourceQuality "1"]
[TimeControl "40/5400+30:1800+30"]

1. e4 c5 2. Nf3 d6 3. d4 cxd4 4. Qxd4 Nf6 5. Nc3 e5 6. Bb5+ Nbd7 7. Qd3 h6 8. Be3 a6 {[%emt 0:01:44] B51: Sicilian: Moscow Variation (3 Bb5+) without 3...Bd7.} 9. Bc4 b5 10. Bb3 Bb7 {[%emt 0:00:24] The position is equal.} 11. a4 b4 {[%emt 0:16:51] [#]} (11... Qa5 $1 $11 {remains equal.}) 12. Qc4 $1 $16 d5 13. Nxd5 Nxd5 (13... Rc8 $16 {keeps fighting.} 14. Qe2 Nxd5 15. exd5 (15. Bxd5 Bxd5 16. exd5 Bc5 $16) 15... Bd6) 14. exd5 $18 Bd6 {[%emt 0:00:18] [#]} 15. Qg4 $146 ({Predecessor:} 15. O-O-O O-O 16. g4 Rc8 17. Qe2 Re8 18. g5 e4 19. Nd4 Nc5 20. gxh6 g6 21. h4 {1-0 Corrales Jimenez,Z (2151)-Quesada Perez,L (2517) Iberoamerican-ch 8th 2022 (8)}) 15... g6 16. O-O-O h5 17. Qh3 Bc8 18. Bg5 Qc7 19. Qh4 Nc5 20. Qc4 (20. Qxb4 $2 {too greedy.} Nd3+ 21. Rxd3 Bxb4 $19) ({White should play} 20. Kb1 $16) 20... O-O 21. Be3 {[%emt 0:09:52] And now Bxc5 would win.} (21. Qxb4 $2 {is the wrong capture.} Nd3+ 22. Rxd3 Bxb4 $19) 21... Nxb3+ 22. Qxb3 (22. cxb3 $11 Qe7 23. Kb1) 22... Bf5 {[%emt 0:02:58] White must now prevent ...Rfc8.} 23. h3 (23. Kb1 $11) 23... Rfc8 $17 24. Rd2 {[%emt 0:00:05] [#]} Qa5 $1 {[%emt 0:01:29] Threatens to win with ...Rab8.} 25. Nh4 $2 (25. Qa2 $17) 25... Bd7 $19 {[%emt 0:00:35] Black is clearly winning.} 26. Qd3 (26. Qa2 $142 b3 27. Qxb3) 26... Qxa4 27. Kb1 {[%emt 0:02:13] [#] Against Qa1+} b3 $1 {[%emt 0:00:09][%mdl 576] Discovered Attack} 28. cxb3 (28. Qxb3 Qxh4) 28... Qxh4 {[%emt 0:00:05] Black used his chance.   Weighted Error Value: White=0.98/Black=0.17 (very precise)} 0-1

[Event "Israeli Team-ch 2023"]
[Site "Petah Tikva"]
[Date "2023.02.03"]
[Round "5.12"]
[White "Huzman, Alexander"]
[Black "Linker, Mikhail"]
[Result "1-0"]
[ECO "B37"]
[WhiteElo "2526"]
[BlackElo "2297"]
[Annotator "TA"]
[PlyCount "73"]
[EventDate "2023.01.13"]
[EventCountry "ISR"]
[SourceTitle "playchess.com"]
[Source "ChessBase"]
[SourceQuality "1"]
[TimeControl "40/5400+30:1800+30"]

1. Nf3 Nf6 2. c4 c5 3. Nc3 g6 4. d4 cxd4 5. Nxd4 Bg7 6. e4 d6 7. Be2 Nc6 8. Nc2 O-O 9. O-O a5 {[%emt 0:15:27] B37: Sicilian: Maroczy Bind with 5...Bg7, sidelines.} (9... Nd7 $11) 10. Be3 a4 11. Na3 Be6 {[%emt 0:08:38] White is better.} 12. f3 Qa5 13. Nd5 {[%emt 0:00:16] aiming for Bb6.} Nd7 {[%emt 0:01:53] Prevents Bb6.} 14. Rb1 {[%emt 0:00:45] [#]} Rfc8 $146 (14... f5 $14) ({Predecessor:} 14... f5 15. Nb5 Rac8 16. c5 dxc5 17. Nf4 Bxa2 18. Qxd7 Nd4 19. Bxd4 Rfd8 20. Qxe7 cxd4 21. Ne6 {1-0 Balint,P (2067)-Oberhuber,A (2062) AUT-ch Vienna 2022 (7)}) 15. Kh1 Nc5 16. Nb5 Qd8 17. Qd2 Ra6 18. Rfd1 {[%emt 0:03:19] White has more active pieces.} Ne5 19. b4 axb3 20. axb3 Nc6 (20... Raa8 $16) 21. b4 $18 Na4 22. Rdc1 Ne5 23. f4 Ng4 (23... Nd7 $16 {is a better defense.} 24. Nd4 Raa8) 24. Bxg4 Bxg4 {[%emt 0:00:05] [#]} 25. f5 {[%emt 0:00:06][%mdl 512] h3 would be deadly.} e6 {[%emt 0:01:52] [#]} 26. fxe6 Bxe6 {[%emt 0:00:43] [#]} (26... fxe6 $2 27. Bg5 Qe8 28. Ne7+ Kh8 29. Nxc8 Qxc8 30. h3 $18) 27. Bg5 $1 f6 28. Bf4 {[%emt 0:00:16] Strongly threatening Nxd6.} Kh8 29. Ne3 {[%emt 0:00:44] Excellent horsemanship.} Bf8 30. Qd4 Nb6 31. Bxd6 ({Worse is} 31. Nxd6 Bxd6 32. Bxd6 Nxc4 $11) (31. h3 $18 {has better winning chances.}) 31... Nxc4 $16 32. Bxf8 Qxd4 {[%emt 0:00:23][%mdl 8192] Loses the game.} (32... Nxe3 $16 {is tougher.} 33. Qxd8 Rxd8) 33. Nxd4 $18 {[%emt 0:01:20] White is clearly winning.} Nxe3 34. b5 Rxc1+ 35. Rxc1 Ra4 36. Nxe6 Rxe4 {[%emt 0:00:09] [#]} 37. Rc8 $1 {[%emt 0:01:45] Weighted Error Value: White=0.13 (very precise) /Black=0.44} 1-0

[Event "Israeli Team-ch 2023"]
[Site "Petah Tikva"]
[Date "2023.02.03"]
[Round "5.13"]
[White "Smirin, Ilia"]
[Black "Parkhov, Yair"]
[Result "1-0"]
[ECO "A07"]
[WhiteElo "2596"]
[BlackElo "2467"]
[Annotator "TA"]
[PlyCount "175"]
[EventDate "2023.01.13"]
[EventCountry "ISR"]
[SourceTitle "playchess.com"]
[Source "ChessBase"]
[SourceQuality "1"]
[TimeControl "40/5400+30:1800+30"]

1. Nf3 d5 2. g3 g6 3. Bg2 Bg7 4. O-O e5 5. d3 Ne7 6. e4 O-O 7. Nbd2 Nbc6 8. c3 a5 9. a4 h6 10. b3 d4 11. cxd4 Nxd4 12. Nxd4 Qxd4 13. Ba3 Re8 14. Nc4 Nc6 15. Ne3 Be6 16. Nd5 Bxd5 (16... Rac8 $5 ) 17. exd5 Nb4 18. Rc1 Qb6 19. h4 h5 20. Bxb4 axb4 21. Rc4 Bf8 22. g4 hxg4 23. Qxg4 f5 24. Qh3 Re7 (24... Rad8 $14) 25. d6 $1 $16 Qxd6 (25... Rg7 $142) 26. Bxb7 $16 Rd8 27. a5 c5 28. a6 Qb6 29. Ra1 Bg7 30. Ra2 Red7 31. Qe3 (31. Qf3 $16) 31... f4 $2 (31... Rxd3 $11 32. Qxc5 Qf6) 32. Qe4 Qa7 $2 (32... Rxd3 $2 33. a7 Qe6 34. a8=Q $18 (34. a8=N $2 Qh3 $19)) (32... Bf6 33. a7 (33. Qxg6+ $2 Rg7 $19) 33... Qxb7) 33. Qc6 Kh7 34. h5 (34. Rxc5 Rxb7 35. Qxb7 Qxc5 $16) 34... gxh5 35. Ra5 Bf8 36. Qf3 $2 (36. Qe4+ Kg8 37. Rb5 (37. Qxe5 Qb6 $16)) 36... Qb6 $18 37. Be4+ $2 (37. Qxh5+ $18 Kg8 38. Ra1) 37... Kg8 $2 (37... Kh6 $1 $11 {and Black is okay.} 38. Ra1 Rg7+ 39. Kh2 Rdd7) 38. Ra1 $18 Rg7+ 39. Kf1 Ra7 40. Qxh5 Bg7 (40... Qf6 {is a better defense.} 41. Ke2 Bg7 42. Rxc5 f3+ 43. Qxf3 (43. Bxf3 e4 $11) 43... Qxf3+ 44. Kxf3 Rd6) 41. Rac1 (41. d4 $142 Qh6 42. Qxh6 Bxh6 43. dxc5) 41... Rxa6 42. Rxc5 (42. Qh7+ Kf8) 42... Qh6 43. Qf3 Rad6 (43... Qg5 $16 44. Rc6 Rxc6 45. Rxc6 Kf8) 44. Rb5 $18 Rb6 $2 (44... Kf8 45. Rb7 Rb6) 45. Rxb6 $18 Qxb6 46. Rc6 Qd4 47. Qh5 Qd7 48. Rb6 Qf7 49. Qg5 Rc8 50. Rb7 ({Weaker is} 50. Rxb4 f3 51. Rc4 (51. Rb7 Qf6 $18) 51... Rxc4 52. bxc4 (52. dxc4 Qf4 $18) 52... Qf4 53. Bd5+ Kh8 54. Qh5+ Bh6 55. Bxf3 (55. Qxf3 Qxf3 56. Bxf3 Bf8 $16) 55... Kg7 $18) 50... Qf6 51. Qg4 Rf8 52. Rxb4 f3 $2 (52... Qh6 53. Rc4 Kh8) 53. Rb7 Qh6 54. Bxf3 Kh8 $2 (54... e4) 55. Be4 $18 Rf4 56. Rb8+ Bf8 $2 (56... Rf8) 57. Qg3 $18 Qh5 58. Ke1 Qh6 59. Rc8 (59. Bd5 $142 Re4+ 60. dxe4 (60. Bxe4 Qc1+ 61. Ke2 Qd1+ 62. Ke3 Qe2+ 63. Kxe2 $11) 60... Qc1+ 61. Ke2 Qb2+ 62. Kf3 Qc3+ 63. Kg4 Qxg3+ 64. fxg3) 59... Qh5 60. b4 Rf6 61. b5 Qh6 62. Qxe5 Qg7 63. Qg3 $2 (63. Qh5+ {mates} Qh6 64. Rxf8+ Kg7 65. Qxh6+ Rxh6 66. Rb8 Rh2 67. b6 Rh6 68. b7) 63... Qh6 $2 (63... Qxg3 $18 64. fxg3 Kg7) 64. Rc6 (64. Kf1 $142 Qg7 65. Qh3+ Qh6 66. Rxf8+ Kg7 67. Qxh6+ Rxh6 68. Rb8 Kf7 69. b6) 64... Bb4+ 65. Kf1 Bd6 66. Qg4 Qh2 67. Bf5 Qh6 68. Qh3 (68. Rc8+ $142 Bf8 69. Qd4 Qh1+ 70. Ke2 Qh5+ 71. f3 Qh2+ 72. Kd1 Qh1+ 73. Kc2 Qg2+ 74. Kb1) 68... Qxh3+ $18 69. Bxh3 Kg7 70. b6 Be5 71. Rxf6 Kxf6 72. b7 Bb8 73. Ke2 Ke5 74. Kf3 Bc7 75. Kg4 Kf6 76. d4 Bb8 77. Kf3 Bh2 78. Ke4 Kg5 79. Kd5 Kf6 80. Kc6 Ke7 81. Kb6 Bb8 82. f4 Kf6 83. f5 Ke7 84. Kc6 Ba7 85. Kc7 Bxd4 86. b8=Q ({Stronger than} 86. f6+ Kxf6 87. Kd6 Be5+ 88. Kd5 Bf4 $11) 86... Be5+ 87. Kc8 Bxb8 88. Kxb8 1-0

[Event "Israeli Team-ch 2023"]
[Site "Petah Tikva"]
[Date "2023.02.03"]
[Round "5.14"]
[White "Mikhalevski, Alexander"]
[Black "Sutovsky, Emil"]
[Result "0-1"]
[ECO "A40"]
[WhiteElo "2414"]
[BlackElo "2615"]
[Annotator "TA"]
[PlyCount "92"]
[EventDate "2023.01.13"]
[EventCountry "ISR"]
[SourceTitle "playchess.com"]
[Source "ChessBase"]
[SourceQuality "1"]
[TimeControl "40/5400+30:1800+30"]

1. d4 e6 2. c4 b6 3. e4 Bb4+ 4. Nc3 Bb7 5. Bd3 f5 6. f3 Qh4+ {[%emt 0:20:08] A40: Unusual replies to 1 d4.} 7. g3 Qh5 8. exf5 Nc6 $5 {[%emt 0:02:05][%mdl 4] [#] The position is equal. A promising side line.} 9. a3 $146 (9. Nge2 $142) ({Predecessor:} 9. fxe6 dxe6 10. d5 exd5 11. cxd5 Ne5 12. Bb5+ c6 13. dxc6 Nxc6 14. Qa4 Bxc3+ 15. bxc3 {0-1 Tremblay,R (2216)-Noritsyn,N (2419) CAN-ch Guelph 2011 (4)}) 9... Bxc3+ $1 $11 10. bxc3 O-O-O 11. Ne2 (11. Ra2 $11) 11... Qxf3 $15 12. Rf1 Qh5 {[%emt 0:00:10] ...e5 would be deadly. Black is more active.} 13. fxe6 dxe6 14. Nf4 Qxh2 15. Qg4 Nh6 16. Qxe6+ ({Much worse is} 16. Qxg7 Rhg8 17. Qf6 Qxg3+ 18. Kd2 (18. Kd1 $2 e5 $19) 18... Ng4 19. Qxe6+ Kb8 $17) 16... Kb8 17. Qh3 Rhe8+ 18. Kd1 Qxh3 19. Nxh3 Ne5 20. Nf4 Nxd3 21. Nxd3 {[%emt 0:00:13] White is weak on the light squares} Be4 $1 $36 {[%emt 0:07:58][%mdl 2048] Black is really pushing.} 22. Nb4 c5 23. Bf4+ Kc8 $1 24. Bxh6 (24. Nc2 $17) 24... gxh6 $19 25. Nc2 {[%emt 0:01:44] [#]} Rg8 $1 26. Rf4 {[%emt 0:00:53] [#]} Rde8 27. Ne3 Rxg3 28. Kd2 Bg6 29. Re1 Rh3 30. Rf2 cxd4 31. cxd4 Re4 {[%emt 0:00:03] Wards off Rf4} 32. d5 Rd4+ 33. Kc1 Rd3 34. Nc2 (34. Rf8+ {keeps fighting.} Kb7 35. Nc2) 34... Kd7 {[%emt 0:00:55] White must now prevent ...Rb3.} 35. Kb2 (35. Rfe2 {was necessary.}) 35... Rb3+ 36. Ka2 Rbc3 37. Nd4 Rxa3+ 38. Kb2 Rad3 39. Nf5 (39. Ne6) 39... Rb3+ 40. Kc1 Rhc3+ 41. Kd1 Rxc4 42. Re7+ Kd8 43. Rxa7 Rb1+ 44. Kd2 Rb2+ 45. Ke3 Rxf2 46. Ra8+ Rc8 {[%emt 0:00:11] Black took control after the opening.   Weighted Error Value: White=0.76/Black=0.04 (flawless)} 0-1

[Event "Israeli Team-ch 2023"]
[Site "Petah Tikva"]
[Date "2023.02.03"]
[Round "5.15"]
[White "Alekseev, Evgeny"]
[Black "Gorodetzky, Matan"]
[Result "1-0"]
[ECO "C54"]
[WhiteElo "2575"]
[BlackElo "2333"]
[Annotator "TA"]
[PlyCount "77"]
[EventDate "2023.01.13"]
[EventCountry "ISR"]
[SourceTitle "playchess.com"]
[Source "ChessBase"]
[SourceQuality "1"]
[TimeControl "40/5400+30:1800+30"]

1. e4 e5 2. Bc4 Nf6 3. d3 Nc6 4. Nf3 Bc5 5. O-O d6 6. c3 a6 7. Bb3 h6 {[%emt 0:00:52] C54: Giuoco Piano: 4 c3 Nf6, main lines with 5 d4 and 5 d3.} 8. Be3 O-O 9. Nbd2 Bxe3 {[%emt 0:00:49] The position is equal.} 10. fxe3 Na5 11. Bc2 c5 12. Qe1 {[%emt 0:02:01] [#]} Nc6 $146 ({Predecessor:} 12... b5 13. Kh1 Be6 14. d4 Nc4 15. Nxc4 Bxc4 16. Rf2 Qe7 17. Rd2 b4 18. cxb4 cxb4 {½-½ Wang,Y (2426)-Ruan,L CHN-chT (Women) 2001 (2)}) 13. Qg3 Kh8 (13... b5 {looks sharper.} 14. Nh4 Kh7 15. Bb3 Nh5) 14. h3 (14. Bb3 {with more complications.} Kh7 15. Nh4 Be6 16. Rf3) 14... Be6 15. Rf2 Rc8 16. Raf1 b5 17. Bb1 Bd7 18. Bc2 Qe7 19. Bd1 Nh5 20. Qh2 f5 {[%emt 0:04:39] [#] White stays focused until the end.} ({Black should try} 20... Nf6 $14) 21. Ne1 $1 $16 Qg5 (21... Nf6 $16) 22. Bxh5 $18 Qxh5 23. exf5 Qg5 (23... Bxf5 $2 24. e4 $18) 24. e4 Qe3 25. g4 Ne7 26. Kh1 Bc6 27. Re2 Qg5 28. Nef3 Qf6 29. Qg3 g5 $2 {[%emt 0:04:04] [#]} (29... Rcd8 30. Rg2 Rde8) 30. Rh2 Kg7 31. h4 Rh8 32. Kg2 gxh4 33. Rxh4 Rcg8 34. Rfh1 Kf8 35. Kf2 Qf7 (35... Be8 $142 36. Nf1 Nc6) 36. Rxh6 Rxh6 37. Rxh6 Qxa2 38. Rxd6 Qxb2 39. Qxe5 {[%emt 0:00:11] Weighted Error Value: White=0.06 (flawless) /Black=0.48} 1-0

[Event "Israeli Team-ch 2023"]
[Site "Petah Tikva"]
[Date "2023.02.03"]
[Round "5.16"]
[White "Bitensky, Igor"]
[Black "Caspi, Israel"]
[Result "1/2-1/2"]
[ECO "C43"]
[WhiteElo "2370"]
[BlackElo "2472"]
[Annotator "TA"]
[PlyCount "52"]
[EventDate "2023.01.13"]
[EventCountry "ISR"]
[SourceTitle "playchess.com"]
[Source "ChessBase"]
[SourceQuality "1"]
[TimeControl "40/5400+30:1800+30"]

1. e4 e5 2. Nf3 Nf6 3. d4 Nxe4 4. Bd3 d5 5. Nxe5 Nd7 6. Nxd7 Bxd7 7. O-O Bd6 8. Nc3 $1 {[%emt 0:00:00][%mdl 4] is now more promising than 8.c4.} Nxc3 9. bxc3 Qh4 {[%emt 0:18:39][%csl Gd6][%cal Rh4h2] [#]} 10. g3 {[%emt 0:00:00] C43: Petroff Defence: 3 d4.} Qh3 11. Re1+ Be6 $1 12. Rb1 {[%emt 0:00:00] White is slightly better.} (12. Bf1 $5 Qf5 $8 13. Bd3 $14) 12... O-O-O 13. Bf1 Qf5 14. Qe2 {[%emt 0:00:00] And now Qb5 would win.} c6 {[%emt 0:13:01] Wards off Qb5} 15. Rb3 {[%emt 0:00:00] [#]} (15. Rxb7 $1 $14 Kxb7 16. Qa6+ Kb8 17. Qxc6 Qxc2 18. Bg5) 15... Rde8 $146 {[%emt 0:13:08] The position is equal.} ({Predecessor:} 15... Rhe8 16. Be3 Re7 17. Reb1 Rdd7 18. a4 Qg4 19. Qxg4 Bxg4 {½-½ Mamedyarov,S (2760)-Kramnik,V (2799) Amber-blindfold 17th rapid 2008 (3)}) 16. Be3 Kc7 17. Reb1 Rb8 18. Bc1 h5 19. h4 f6 20. Ba3 Bxa3 21. Rxa3 a6 22. Qd2 Rhe8 23. Bd3 Qf3 24. Be2 Qf5 25. Bd3 Qf3 26. Be2 Qf5 $1 {[%emt 0:00:02] Weighted Error Value: White=0.05 (flawless) /Black=0.08 (flawless)} 1/2-1/2

[Event "Israeli Team-ch 2023"]
[Site "Petah Tikva"]
[Date "2023.02.03"]
[Round "5.18"]
[White "Zlatin, Alexander"]
[Black "Golod, Vitali"]
[Result "1-0"]
[ECO "C55"]
[WhiteElo "2324"]
[BlackElo "2501"]
[Annotator "TA"]
[PlyCount "130"]
[EventDate "2023.01.13"]
[EventCountry "ISR"]
[SourceTitle "playchess.com"]
[Source "ChessBase"]
[SourceQuality "1"]
[TimeControl "40/5400+30:1800+30"]

1. e4 e5 2. Nf3 Nc6 3. Bc4 Nf6 4. d3 Be7 5. c3 O-O 6. Nbd2 d6 {[%emt 0:00:37] C55: Two Knights: 4 d3, 4 d4 exd4 5 e5 and Max Lange Attack.} 7. Bb3 Na5 8. Bc2 c5 {[%emt 0:00:06] White has an edge.} 9. a4 {[%emt 0:00:00] [#]} Re8 $146 ({Predecessor:} 9... Nc6 10. O-O h6 11. Re1 Be6 12. Nf1 Re8 13. Ng3 Bf8 14. h3 g6 15. Nh2 Bg7 {½-½ Rincon Gonzalez,R (1836)-Rincon Gonzalez,L (1971) Merida Rincon Gonzalez 1st B 2012 (3.1)}) 10. h3 Bf8 11. Nc4 h6 12. O-O Be6 13. Nxa5 Qxa5 14. c4 Qc7 15. Nh2 b6 16. Qf3 Be7 17. g4 (17. Bd2 $11) 17... Nh7 18. Qg3 Bg5 19. f4 Bxf4 20. Bxf4 exf4 21. Rxf4 a6 22. Nf1 b5 23. Ne3 (23. axb5 axb5 24. Rxa8 Rxa8 $17) 23... Rab8 24. axb5 axb5 25. b3 Ra8 26. Raf1 bxc4 27. dxc4 Ra2 28. R4f2 Rea8 29. Nd5 Qd8 30. Qd3 Nf8 31. Nc3 (31. Nf4 $1 $11) 31... Ra1 $15 32. Bb1 R1a6 33. Nb5 Qe7 34. Nc3 (34. e5 $11 {keeps the balance.} dxe5 35. Qe3) 34... Ng6 $17 {[%emt 0:00:00] White is now going downhill.} 35. Nd5 Qd8 36. Nf4 Ne5 37. Qg3 Qg5 38. Rg2 {[%emt 0:00:18] [#]} (38. Rd1 $17) 38... Ra1 (38... Ra3 $1 $19 {aiming for ...Bxc4.} 39. Nxe6 fxe6) 39. h4 Qxg4 40. Qf2 {[%emt 0:04:08] [#]} Nf3+ $1 {[%emt 0:03:11][%mdl 576] Deflection} 41. Qxf3 Qxf3 (41... Qxh4 {is a self mate.} 42. Nxe6 R8a7 43. Rxg7+ Kh8 44. Qf5 (44. Rxf7 Rxf7 45. Qxf7 Qg3+ 46. Kh1 Qh3+ 47. Kg1 Qg3+ 48. Kh1 Qh3+ 49. Kg1 Qg3+ $11) (44. Rxf7 Rxf7 45. Qxf7 Qg3+ 46. Kh1 Qh3+ 47. Kg1 Qg3+ 48. Kh1 Qh3+ 49. Kg1 Qg3+ $11)) 42. Rxf3 {[%emt 0:04:25] Black must now prevent Rf1.} Rxb1+ 43. Kh2 Raa1 44. Re3 (44. Nxe6 $17 fxe6 45. Kg3) 44... Re1 45. Rge2 (45. Rxe1 {keeps fighting.} Rxe1 46. Nd5) 45... Rh1+ $19 46. Kg3 Rag1+ 47. Rg2 (47. Kf2 {was forced.}) 47... Rxg2+ 48. Nxg2 {[%emt 0:00:00][%mdl 4096] Endgame KRB-KRN} Rh3+ 49. Kf4 f6 50. Rxh3 Bxh3 {[%emt 0:00:00] KB-KN} 51. Ne3 g5+ 52. Kg3 Be6 53. h5 (53. Nd1 $142 Kf7 54. Nf2) 53... Kf7 54. Kf3 Ke7 55. Kg3 Kd7 56. Kf3 Kc6 57. Nd1 Kc7 58. Nc3 Kd7 59. Nd1 Bf7 60. Kg4 Ke6 61. Nc3 Ke5 62. Nb5 Be8 {[%emt 0:00:00] ( -> ...Bc6)} (62... Kxe4 {gets mated.} 63. Nxd6+ Ke3 64. Nxf7 f5+ 65. Kxf5 g4 66. Kxg4 Ke4 67. Nxh6) 63. Nc3 Bc6 {[%emt 0:00:00] Black mates.} 64. Kf3 f5 65. Ke3 Bxe4 {[%emt 0:00:00][%mdl 32768] Weighted Error Value: White=0.52/Black=0.06 (flawless) . Loss on time!?} 1-0

[Event "Israeli Team-ch 2023"]
[Site "Petah Tikva"]
[Date "2023.02.03"]
[Round "5.19"]
[White "Soffer, Ram"]
[Black "Greenfeld, Alon"]
[Result "1/2-1/2"]
[ECO "B45"]
[WhiteElo "2475"]
[BlackElo "2460"]
[Annotator "TA"]
[PlyCount "64"]
[EventDate "2023.01.13"]
[EventCountry "ISR"]
[SourceTitle "playchess.com"]
[Source "ChessBase"]
[SourceQuality "1"]
[TimeControl "40/5400+30:1800+30"]

1. e4 c5 2. Nf3 e6 3. d4 cxd4 4. Nxd4 Nf6 5. Nc3 Nc6 6. Nxc6 bxc6 7. e5 Nd5 8. Ne4 Qc7 9. f4 $1 Rb8 {[%emt 0:01:32] B45: Sicilian Four Knights.} 10. Bd3 Qb6 11. Qe2 Be7 {[%emt 0:01:22] The position is equal.} 12. c4 {[%emt 0:04:32] [#]} Nb4 $146 (12... f5 $5 13. Nd6+ Bxd6 14. exd6 Nf6 $11) ({Predecessor:} 12... f5 13. Nd6+ Bxd6 14. exd6 Nf6 15. b3 O-O 16. Bb2 a5 17. O-O-O a4 18. Bc2 axb3 19. axb3 {1-0 Santos Ruiz,M (2560)-Praggnanandhaa,R (2567) Wch U20 58th 2019 (8)}) 13. Be3 Nxd3+ 14. Qxd3 c5 (14... Bh4+ $2 15. g3 Qa5+ 16. Bd2 $18) 15. b3 {[%emt 0:07:59] Active counter play!} Bb7 16. Nd6+ Bxd6 17. Qxd6 Qxd6 ({Don't do} 17... Bxg2 18. Rg1 (18. Bxc5 Qxd6 19. Bxd6 Bxh1 $16) 18... Qxd6 19. exd6 $16) 18. exd6 Rc8 $1 ({Much less strong is} 18... Bxg2 19. Rg1 Be4 20. Bxc5 $16 (20. Rxg7 Rc8 $14)) 19. O-O Be4 20. Rfe1 f5 21. Rad1 Kf7 22. Re2 Rc6 23. Rb2 Rb8 24. h3 a5 25. Kh2 a4 26. Bf2 axb3 27. axb3 Rcb6 28. Bxc5 {[%emt 0:00:41] Black is slightly better.} Rxb3 29. Rxb3 Rxb3 30. Bd4 $1 {[%emt 0:03:17] Repels Rb2} h6 31. h4 $1 Kg6 32. Rd2 $1 Rd3 {[%emt 0:03:43] Weighted Error Value: White=0.09 (flawless) /Black=0.08 (flawless)} (32... Rb4 $15) 1/2-1/2

[Event "Israeli Team-ch 2023"]
[Site "Petah Tikva"]
[Date "2023.02.03"]
[Round "5.21"]
[White "Bakalchuk, Johnatan"]
[Black "Dvoirys, Semen I."]
[Result "1/2-1/2"]
[ECO "B92"]
[WhiteElo "2442"]
[BlackElo "2465"]
[Annotator "TA"]
[PlyCount "60"]
[EventDate "2023.01.13"]
[EventCountry "ISR"]
[SourceTitle "playchess.com"]
[Source "ChessBase"]
[SourceQuality "1"]
[TimeControl "40/5400+30:1800+30"]

1. e4 c5 2. Nf3 d6 3. d4 cxd4 4. Nxd4 Nf6 5. Nc3 a6 6. Be2 e5 7. Nb3 Be7 8. O-O Be6 9. f4 Qc7 10. f5 Bc4 11. g4 {[%emt 0:07:40] Threatens to win with g5. B92: Sicilian Najdorf: 6 Be2.} h6 12. h4 {[%emt 0:05:27] [#]} Qc6 $146 ({Predecessor:} 12... Nbd7 13. g5 hxg5 14. hxg5 Nh7 15. Bxc4 Qxc4 16. Qh5 O-O-O 17. Nd5 Nxg5 18. Nxe7+ Kb8 19. Qd1 Qxe4 {0-1 Lanzani,M (2357)-Garcia Ortega Mendez,J (2358) POR-chT Torres Vedras 2011 (4.5)}) 13. Bxc4 {[%emt 0:22:54] Black has an edge.} Qxc4 14. Qf3 {[%emt 0:01:34] [#]} d5 $1 15. Nxd5 Nxd5 16. exd5 Nd7 17. Be3 (17. Nd2 {keeps more tension.} Qxc2 18. Ne4 Nf6 19. Nxf6+ Bxf6 20. Rf2) 17... Nf6 (17... h5 {with more complications.} 18. d6 Bxd6 19. Rad1 hxg4 20. Qxb7 Rb8) 18. Rad1 Qxg4+ 19. Qxg4 Nxg4 20. Bb6 Bxh4 21. Na5 (21. d6 {is interesting.} Kd7 22. Nc5+ Kc6 23. Na4) 21... Bd8 22. Bxd8 Kxd8 23. Rf3 {[%emt 0:01:08][%cal Of3b3] Repels Ne3} b5 ({Black should try} 23... b6 $1 $15 24. Nc6+ Kc7) 24. Rb3 {[%emt 0:07:14] The position is equal.} (24. Rc3 $5 ) 24... Rc8 25. c4 bxc4 26. Rb7 Rc7 {[%emt 0:00:08] [#] And now ...Rxb7 would win.} 27. Rb8+ Rc8 28. Rb7 Rc7 {[%emt 0:01:24] Hoping for ...Rxb7.} 29. Rb8+ Rc8 30. Rb7 Rc7 $1 {[%emt 0:00:02] Weighted Error Value: White=0.05 (flawless) /Black=0.06 (flawless)} 1/2-1/2

[Event "Israeli Team-ch 2023"]
[Site "Petah Tikva"]
[Date "2023.02.03"]
[Round "5.22"]
[White "Khmelniker, Ilya"]
[Black "Ben Ari, Yannay"]
[Result "0-1"]
[ECO "D38"]
[WhiteElo "2476"]
[BlackElo "2406"]
[Annotator "TA"]
[PlyCount "92"]
[EventDate "2023.01.13"]
[EventCountry "ISR"]
[SourceTitle "playchess.com"]
[Source "ChessBase"]
[SourceQuality "1"]
[TimeControl "40/5400+30:1800+30"]

1. d4 Nf6 2. c4 e6 3. Nf3 d5 4. Nc3 Bb4 5. cxd5 exd5 6. Bg5 h6 7. Bh4 O-O {[%emt 0:00:32] D38: Queen's Gambit Declined: Ragozin Defence (4 Nf3 Bb4).} 8. e3 Bf5 9. Bxf6 Qxf6 {[%emt 0:01:37] The position is equal.} 10. Be2 c6 11. O-O {[%emt 0:04:08] [#]} Nd7 $146 ({Predecessor:} 11... a5 12. a3 Bd6 13. Bd3 Bg4 14. h3 Bh5 15. Be2 Nd7 16. Nd2 Bg6 17. Bg4 Rad8 {0-1 Ardila,O (2017)-Okike,D (2177) Titled Tuesday intern op 6th June blitz 2020 (8)}) 12. Rc1 a5 13. Bd3 Bg4 14. h3 Bh5 15. a3 Bd6 16. Be2 Bg6 17. Bd3 Bh5 18. Be2 Rfe8 19. Qb3 b5 20. Qc2 (20. a4 $5 b4 21. Nb1 $11) 20... a4 21. Nd2 Bxe2 22. Nxe2 Rac8 23. e4 dxe4 $40 {[%emt 0:01:57][%mdl 128] Black attacks.} 24. Nxe4 Qg6 25. Nxd6 Qxd6 26. d5 Qxd5 27. Rfd1 Qg5 28. h4 (28. f4 $142 Qd8 29. Nd4) 28... Qg4 {[%emt 0:04:09] Black is more active.} ({Much less strong is} 28... Qxh4 29. Rxd7 Qg4 30. Rd2 $18) 29. f3 Qe6 {[%emt 0:00:05] White must now prevent ...Qe3+.} ({Don't play} 29... Qxh4 30. Rxd7 Re5 31. Rd4 $18) 30. Nd4 Qf6 (30... Qe3+ $142 31. Qf2 Qxf2+ 32. Kxf2 Ne5) 31. Nf5 Re5 32. Nd6 Rc7 33. Qf2 Nf8 34. Ne4 {[%emt 0:01:54] [#]} Qe7 35. Qb6 f5 36. Nf2 {[%emt 0:00:45] Now White is beyond hope.} (36. Ng3 $17) 36... Rc8 37. Nd3 (37. Nh3 $142) 37... Rd5 {[%emt 0:00:54] aiming for ...Rcd8.} 38. Nb4 Rxd1+ 39. Rxd1 Qxh4 40. Qc5 Qg5 41. Nxc6 Ng6 {[%emt 0:14:21] Prevents Ne7+.} 42. Qxb5 Nh4 $1 43. Qd5+ Kh7 ({Wrong is} 43... Kh8 $2 44. f4 Qxf4 45. Re1 $19) 44. f4 Qxf4 {[%emt 0:00:25] ...Re8 would be deadly.} 45. Nd4 (45. Re1 $142) 45... Qg4 $19 {[%emt 0:03:44] ( -> ...Rd8)} 46. Rf1 {[%emt 0:05:10][%cal Rd4f5] [#]} Rd8 $3 {[%emt 0:00:13][%mdl 512] Weighted Error Value: White=0.40/Black=0.09 (flawless)} 0-1